 Dungeon Crawl Stone Soup version 0.30-a0-1123-gabc949cf19 (webtiles) character file.

Game seed: 17944319440552398647

177 avis the Ruffian (level 5, 0/40 HPs)
             Began as a Demigod Transmuter on Apr 23, 2023.
             Slain by a wyvern (17 damage)
             ... on level 3 of the Dungeon.
             The game lasted 00:16:40 (2869 turns).

avis the Ruffian (Demigod Transmuter)               Turns: 2869, Time: 00:16:40

Health: 0/40       AC:  2    Str: 15    XL:     5   Next: 9%
Magic:  5/10       EV: 19    Int: 15    God:
Gold:   145        SH:  0    Dex: 19    Spells: 2/8 levels left

rFire   . . .        a - melded +3 quarterstaff (chaos)
rCold   . . .        (shield currently unavailable)
rNeg    . . .        l - melded +0 robe
rPois   x            (helmet currently unavailable)
rElec   .            o - melded +2 cloak
rCorr   .            (gloves currently unavailable)
SInv    .            (boots currently unavailable)
Will    .....        (no amulet)
Stlth   ++           (no ring)
HPRegen 0.26/turn    (no ring)
MPRegen 0.12/turn

%: no passive effects
@: spider-form
A: venomous fangs, tiny, high MP 1, forlorn, divine attributes
a: End Transformation


You were on level 3 of the Dungeon.
You were a venomous arachnid creature.
You visited 1 branch of the dungeon, and saw 4 of its levels.

You collected 145 gold pieces.

Inventory:

Hand Weapons
 a - a +3 quarterstaff of chaos (melded)
 n - a +0 sling
 w - a +2 vampiric spear
Missiles
 c - 47 stones
 i - 4 atropa-tipped darts
 k - 2 throwing nets
Armour
 l - a +0 robe (melded)
 o - a +2 cloak (melded)
Magical Staves
 h - a staff of air
Scrolls
 d - 2 scrolls of identify {unknown}
 e - a scroll of magic mapping {unknown}
 f - 3 scrolls of amnesia {unknown}
 g - 3 scrolls of acquirement {unknown}
Potions
 b - a potion of lignification
 j - a potion of attraction {unknown}
 m - a potion of mutation {unknown}


   Skills:
 - Level 1.0 Fighting
 - Level 2.0 Dodging
 - Level 4.0 Unarmed Combat
 - Level 2.0 Spellcasting
 * Level 3.6 Transmutations
 - Level 1.0 Poison Magic


You had 2 spell levels left.
You knew the following spells:

 Your Spells              Type           Power      Damage    Failure   Level
a - Beastly Appendage     Tmut           24%        N/A       14%         1
e - Wereblood             Tmut           12%        N/A       21%         2
p - Spider Form           Tmut/Pois      8%         N/A       47%         3

Your spell library contained the following spells:

 Spells                   Type           Power      Damage    Failure   Level
 Ice Form                 Ice/Tmut       7%         N/A       87%         4


Dungeon Overview and Level Annotations

Branches:
Dungeon (4/15)
 Temple: D:4-7

Shops:
D:1 *

Annotations:
D:4 Ijyb, Natasha, Pikel


Innate Abilities, Weirdness & Mutations

You are a venomous arachnid creature.
You have venomous fangs.
You are tiny and dextrous.
Your spellcasting is less reliable in this form.
Your armour is entirely melded.
You are incapable of wielding weapons or throwing items.
You have an increased reservoir of magic. (+10% MP)
You shall have no god before yourself.
Your divine heritage dramatically boosts your attributes as you level up.


Message History

Natasha hisses angrily.
Natasha zaps a wand.
The puff of flame hits you!
There is a stone staircase leading up here.
The wyvern barely misses you.
The ball python bites you but does no damage.
The ball python completely misses you.
The wyvern hisses menacingly.
The wyvern bites you! The ball python completely misses you.
The ball python closely misses you.
The adder hisses angrily.
You climb upwards.
There is a stone staircase leading down here.
You hit the wyvern.
The wyvern is poisoned.
The wyvern is lightly wounded.
The wyvern misses you. The ball python closely misses you.
The ball python barely misses you. The wyvern completely misses you.
You hit the wyvern but do no damage.
The wyvern looks as sick as possible!
The wyvern is lightly wounded.
Your transformation has ended.
Your +3 quarterstaff of chaos unmelds from your body.
Your +2 cloak unmelds from your body.
Your +0 robe unmelds from your body.
Your +3 quarterstaff of chaos is briefly surrounded by a scintillating aura of random colours.
The wyvern barely misses you.
The ball python bites you but does no damage.
The ball python grabs you. The ball python constricts you.
Casting: Spider Form (quite dangerous; 26% risk of failure)
Confirm with . or Enter, or press ? or * to list all spells.
The spell is quite dangerous to miscast (26% risk of failure)!
Continue anyway?
You turn into a venomous arachnid creature.
Your +3 quarterstaff of chaos melds into your body.
Your +2 cloak melds into your body.
Your +0 robe melds into your body.
The wyvern closely misses you. The ball python closely misses you.
The ball python constricts you. The wyvern completely misses you.
You bite the ball python!
You kill the ball python!
The wyvern bites you.
You hit the wyvern but do no damage.
The wyvern is heavily wounded.
The wyvern bites you!
You die...

#.#####.# ###### #.# ♣.♣
#....# #.###♣♣.♣♣##.#.#
##...........#.#
##.#♣♣.♣♣####.# ##### ♣.♣
#.# ##.## #.#### #.#
##...####.##.###.##
##..............s..##
........##.....l....##
##.....###......†....####
##...## #..............#
##.## #...........##.#
### #..........###.#
#.........## #.#
####.###.## #.#
############.# #.# #.#


You could see a wyvern (very poisoned).

Vanquished Creatures
  A hound (D:3)
  Crazy Yiuf (D:3)
  Natasha (D:4)
  5 adders
  3 worms
  An orc (D:3)
  4 ball pythons
  4 bats
  6 endoplasms
  3 goblins
  3 hobgoblins
  4 frilled lizards
  2 kobolds
  2 rats
40 creatures vanquished.

Notes
Turn   | Place    | Note
-------+----------+-------------------------------------------
     0 | D:1      | avis the Demigod Transmuter began the quest for the Orb.
     0 | D:1      | Reached XP level 1. HP: 15/15 MP: 5/5
    19 | D:1      | Reached skill level 1 in Fighting
   121 | D:1      | Reached skill level 3 in Unarmed Combat
   158 | D:1      | Found Toujer's Assorted Antiques.
   256 | D:1      | Reached XP level 2. HP: 20/23 MP: 4/7
  1374 | D:2      | Reached XP level 3. HP: 28/28 MP: 8/8
  1377 | D:2      | Learned a level 2 spell: Wereblood
  1381 | D:2      | Learned a level 3 spell: Spider Form
  1617 | D:3      | Reached skill level 1 in Poison Magic
  2137 | D:3      | Reached XP level 4. HP: 35/35 MP: 2/9
  2480 | D:3      | Found a runed translucent door.
  2481 | D:3      | Noticed Crazy Yiuf
  2490 | D:3      | HP: 1/35 [poisoned by Crazy Yiuf]
  2496 | D:3      | Killed Crazy Yiuf
  2677 | D:4      | Noticed Natasha
  2694 | D:3      | Reached skill level 4 in Unarmed Combat
  2763 | D:4      | Killed Natasha
  2764 | D:4      | Reached XP level 5. HP: 40/40 MP: 7/10
  2800 | D:4      | Noticed Pikel
  2858 | D:4      | Noticed Ijyb
  2858 | D:4      | Noticed a wyvern
  2859 | D:4      | Noticed Natasha
  2869 | D:3      | Slain by a wyvern

Illustrated notes

Levels and vault maps discovered:
D:1:      zelgadis_glass_arrival_small, layout_rooms, serial_shops, shop
D:2:      layout_basic, basic_altar
D:3:      layout_loops_ring, mainiacjoe_overflow_surrounded_room,
          minmay_tree_intersection, uniq_crazy_yiuf_cottage
D:4:      layout_rooms, nrook_loot_triangle, uniq_natasha, uniq_ijyb,
          uniq_menkaure, uniq_pikel

Skill      XL: |  1  2  3  4 |
---------------+-------------+-----
Fighting       | 1 |  1.0
Unarmed Combat | 3 4 |  4.0
Dodging        | 2 |  2.0
Spellcasting   | 2 |  2.0
Transmutations | 2 3 |  3.6
Poison Magic   | 1 |  1.0

Action                     |  1- 3 |  4- 6 || total
---------------------------+-------+-------++-------
  Melee: Unarmed           |    92 |    25 ||   117
         Headbutt          |    12 |     1 ||    13
         Kick              |     9 |       ||     9
         Quarterstaff      |       |     2 ||     2
   Cast: Beastly Appendage |    24 |     3 ||    27
         Spider Form       |     8 |     6 ||    14
    Use: Potion            |       |     1 ||     1
   Stab: Sleeping          |     1 |     1 ||     2
 Armour: Robe              |    10 |     4 ||    14
         Skin              |     1 |     3 ||     4
  Dodge: Dodged            |    54 |    32 ||    86

Table legend: (Time is in decaauts)
 A = Elapsed time spent in this place.
 B = Non-inter-level travel time spent in this place.
 C = Inter-level travel time spent in this place.
 D = Time resting spent in this place.
 E = Time spent auto-exploring this place.
 F = Levels seen in this place.
 G = Mean time per level.
                   A        B        C        D        E       F      G
               +--------+--------+--------+--------+--------+-----+--------+
         Total |   2864 |   2477 |    387 |    222 |   1570 |   4 |  716.0 |
       Dungeon |   2864 |   2477 |    387 |    222 |   1570 |   4 |  716.0 |
               +--------+--------+--------+--------+--------+-----+--------+

Top non-repeatable levels by time:
     D:3: 1193 daAuts
     D:2: 877 daAuts
     D:1: 701 daAuts
     D:4: 91 daAuts
